 Dungeon Crawl Stone Soup version 0.30-a0-651-g0755cc6dcf (webtiles) character file.

Game seed: 2143785431400949877

814 Bnni the Cutter (level 7, 0/35 (38) HPs)
             Began as a Vine Stalker Brigand on Jan 17, 2023.
             Slain by Duvessa
             ... wielding a +2 rapier of draining
              (6 damage)
             ... on level 5 of the Dungeon.
             The game lasted 00:05:05 (3613 turns).

Bnni the Cutter (Vine Stalker Brigand)              Turns: 3613, Time: 00:05:06

HP:   0/35 (38)     AC:  9    Str: 13    XL:     7   Next: 93%
MP:   0/8           EV:  5    Int: 11    God:
Gold: 197           SH:  0    Dex: 18    Spells: 6/6 levels left

rFire   . . .      SeeInvis .    t - +2 short sword (freeze)
rCold   + . .      Faith    .    (no shield)
rNeg    + . .      Spirit   +    u - +0 chain mail
rPois   .          Reflect  .    (no helmet)
rElec   .          Harm     .    c - +0 cloak
rCorr   .          Rampage  .    (no gloves)
Will    .....                    (no boots) Stlth
                                 v - amulet of the acrobat
HPRegen 1.05/turn                s - ring of protection from cold
MPRegen 0.11/turn                j - ring of positive energy

@: drained
A: fangs 2, regeneration 1, magic shield, antimagic bite, no potion heal 2
a: no special abilities


You were on level 5 of the Dungeon.
You visited 1 branch of the dungeon, and saw 5 of its levels.

You collected 197 gold pieces.

Inventory:

Hand Weapons
 a - a +2 dagger
 t - a +2 short sword of freezing (weapon)
Missiles
 d - 17 poisoned darts (quivered)
Armour
 c - a +0 cloak (worn)
 u - a +0 chain mail (worn)
Jewellery
 j - a ring of positive energy (right hand)
 s - a ring of protection from cold (left hand)
 v - an amulet of the acrobat (around neck)
Wands
 q - a wand of quicksilver (2)
 w - a wand of iceblast (12)
Scrolls
 f - a scroll of amnesia {unknown}
 h - 2 scrolls of immolation {unknown}
 k - a scroll of vulnerability {unknown}
 l - 4 scrolls of identify {unknown}
 m - a scroll of poison {unknown}
 r - a scroll of torment {unknown}
 x - a scroll of acquirement {unknown}
 y - a scroll of teleportation {unknown}
Potions
 b - 3 potions of degeneration {unknown}
 g - a potion of resistance {unknown}
 i - 2 potions of might {unknown}
 n - 2 potions of heal wounds {unknown}
 o - a potion of brilliance {unknown}
 p - 2 potions of cancellation {unknown}
 z - a potion of berserk rage {unknown}


   Skills:
 + Level 4.8 Fighting
 * Level 6.6 Short Blades
 - Level 1.7 Throwing
 - Level 0.7 Dodging
 - Level 4.8 Stealth


You had 6 spell levels left.
You didn't know any spells.
Your spell library contained the following spells:

 Spells                   Type           Power      Damage    Failure   Level
 Apportation              Tloc           0%         N/A       100%        1
 Necrotise                Necr           0%         1d4       100%        1
 Summon Small Mammal      Summ           0%         N/A       100%        1


Dungeon Overview and Level Annotations

Branches:
Dungeon (5/15)
 Temple: D:4-7

Altars:
Nemelex Xobeh
Yredelemnul

Shops:
D:1 ?   D:3 (

Annotations:
D:5 Duvessa


Innate Abilities, Weirdness & Mutations

You have extremely sharp teeth.
Your natural rate of healing is unusually fast.
When hurt, damage is shared between your health and your magic reserves.
Your bite disrupts and absorbs the magic of your enemies.
Potions cannot restore your health.


Message History

Dowan is severely wounded.
Dowan gestures at Duvessa while chanting.
Duvessa seems to speed up.
Throw: dart (curare)
Press: ? - help, Shift-Dir - straight line, f/p - Duvessa
Aim: Duvessa, wielding a +2 rapier of draining and wearing a +0 leather armour of willpower (fast, 66% to hit)
You throw a curare-tipped dart. The curare-tipped dart hits Duvessa.
Duvessa is poisoned.
Duvessa convulses.
Duvessa seems to slow down.
Duvessa is lightly wounded.
You closely miss Duvessa. You bite Duvessa. You drain her power.
Duvessa is lightly wounded.
You kill Dowan!
Duvessa weeps, and shakes her weapon.
Duvessa shakes off her lethargy.
Duvessa goes berserk!
Duvessa hits you with a +2 rapier of draining!
You partially resist.
You feel drained.
Your life force feels restored.
You hit Duvessa but do no damage.
Duvessa is lightly wounded.
Duvessa hits you with a +2 rapier of draining!
You partially resist.
You feel drained.
You barely miss Duvessa. Your bite misses Duvessa.
Duvessa is lightly wounded.
Duvessa hits you with a +2 rapier of draining.
You partially resist.
You feel drained.
You hit Duvessa. You freeze Duvessa. You bite Duvessa, but do no damage.
Duvessa is moderately wounded.
Duvessa hits you with a +2 rapier of draining!
* * * LOW HITPOINT WARNING * * *
You partially resist.
You feel drained.
* * * LOW HITPOINT WARNING * * *
Aiming: Quicksilver Bolt
Press: ? - help, Shift-Dir - straight line, f/p - Duvessa
Aim: Duvessa, wielding a +2 rapier of draining and wearing a +0 leather armour of willpower (moderately wounded, berserk, fast, very poisoned, 75% to hit)
The bolt of dispelling energy hits Duvessa!
Duvessa is heavily wounded.
Duvessa's magical effects unravel!
Duvessa hits you with a +2 rapier of draining!
You die...

##### #...# ###.#.#
#...#.# #.###.#
#########
###.###.######.......#
#............#.......#
#............#.......#
###............#@(..)...
.##.............e##.....
..)....##.###.##.# ...
..####.##.###.##.# .
..#..#.##........#
..#..............#
..##.#.#.........#
.....#.#.#.......#
.................#


You could see Duvessa (berserk, very poisoned).

Vanquished Creatures
  Sigmund (D:4)
  An ogre (D:4)
  Blork the orc (D:4)
  A scorpion (D:3)
  Dowan (D:5)
  A howler monkey (D:5)
  A jelly (D:5)
  2 hounds
  2 orc priests
  Ijyb (D:5)
  An orc wizard (D:5)
  6 adders
  4 gnolls (D:5)
  3 dart slugs (D:1)
  5 orcs
  4 bats
  6 endoplasms
  A giant cockroach (D:3)
  7 goblins
  5 hobgoblins
  3 jackals (D:1)
  6 kobolds
  2 quokkas
  10 ball pythons
  6 frilled lizards
  8 rats
89 creatures vanquished.

Notes
Turn   | Place    | Note
-------+----------+-------------------------------------------
     0 | D:1      | Bnni the Vine Stalker Brigand began the quest for the Orb.
     0 | D:1      | Reached XP level 1. HP: 11/11 MP: 2/2
    40 | D:1      | Reached skill level 2 in Short Blades
    64 | D:1      | Reached XP level 2. HP: 15/15 MP: 3/3
   321 | D:1      | Reached XP level 3. HP: 18/18 MP: 4/4
   567 | D:1      | Found Uzefriam's Magic Scroll Boutique.
   584 | D:1      | Reached skill level 3 in Short Blades
  1789 | D:3      | Gained mutation: Your natural rate of healing is unusually
                  | fast. [Vine Stalker growth]
  1789 | D:3      | Reached XP level 4. HP: 23/23 MP: 5/5
  1887 | D:3      | Noticed a scorpion
  1900 | D:3      | Killed a scorpion
  1901 | D:3      | Reached skill level 4 in Short Blades
  1901 | D:3      | Reached XP level 5. HP: 19/28 MP: 6/6
  1988 | D:3      | Found Zekis's Antique Weapon Shop.
  2143 | D:4      | Noticed Sigmund
  2167 | D:4      | Killed Sigmund
  2168 | D:4      | Reached XP level 6. HP: 14/33 MP: 5/7
  2411 | D:4      | Reached skill level 5 in Short Blades
  2526 | D:4      | Found a sparkling altar of Nemelex Xobeh.
  2538 | D:4      | Found a basalt altar of Yredelemnul.
  3067 | D:5      | Entered Level 5 of the Dungeon
  3067 | D:5      | Noticed Blork the orc
  3083 | D:4      | Killed Blork the orc
  3084 | D:4      | Reached XP level 7. HP: 12/37 MP: 6/8
  3235 | D:5      | Noticed Ijyb
  3246 | D:5      | Killed Ijyb
  3247 | D:5      | Reached skill level 6 in Short Blades
  3603 | D:5      | Noticed Duvessa
  3604 | D:5      | Noticed Dowan
  3609 | D:5      | Killed Dowan
  3613 | D:5      | Slain by Duvessa

Illustrated notes

Levels and vault maps discovered:
D:1:      zelgadis_glass_arrival_small, layout_loops_cross, serial_shops, shop,
          minmay_split_cup_small
D:2:      layout_loops_corners
D:3:      layout_rooms, serial_shops, shop
D:4:      layout_cave_pods, mainiacjoe_overflow_swirl, uniq_sigmund
D:5:      layout_basic, uniq_blork_the_orc, uniq_duvessa, uniq_ijyb

Skill      XL: |  1  2  3  4  5  6  7 |
---------------+----------------------+-----
Short Blades   | 2 3 4 5 6 |  6.6
Fighting       | 2 3 4 |  4.8
Throwing       | |  1.7
Dodging        | |  0.7
Stealth        | |  4.8

Action                   |  1- 3 |  4- 6 |  7- 9 || total
-------------------------+-------+-------+-------++-------
Melee: Dagger            |    46 |    99 |       ||   145
       Rapier            |    49 |       |       ||    49
       Bite              |    18 |    31 |    20 ||    69
       Punch             |     1 |       |     1 ||     2
       Short sword       |       |    13 |    75 ||    88
Throw: Dart              |       |     6 |     4 ||    10
Evoke: Wand              |       |       |     2 ||     2
 Stab: Sleeping          |    11 |     3 |       ||    14
Armor: Robe              |    20 |       |       ||    20
       Ring mail         |     7 |    23 |       ||    30
       Chain mail        |       |     8 |    22 ||    30
Dodge: Dodged            |    60 |    43 |    12 ||   115

Table legend: (Time is in decaauts)
 A = Elapsed time spent in this place.
 B = Non-inter-level travel time spent in this place.
 C = Inter-level travel time spent in this place.
 D = Time resting spent in this place.
 E = Time spent auto-exploring this place.
 F = Levels seen in this place.
 G = Mean time per level.
                   A        B        C        D        E       F      G
               +--------+--------+--------+--------+--------+-----+--------+
         Total |   3559 |   3454 |    105 |     34 |   2730 |   5 |  711.8 |
       Dungeon |   3559 |   3454 |    105 |     34 |   2730 |   5 |  711.8 |
               +--------+--------+--------+--------+--------+-----+--------+

Top non-repeatable levels by time:
     D:4: 961 daAuts
     D:2: 915 daAuts
     D:1: 782 daAuts
     D:5: 468 daAuts
     D:3: 432 daAuts
